 Dungeon Crawl Stone Soup version 0.29-a0-542-g075992c915 (webtiles) character file.

Game seed: 15954606342256752704

203 MechDurjaeses the Chopper (level 5, -11/47 HPs)
             Began as a Hill Orc Fighter on June 4, 2022.
             Killed by nerve-wracking pain
             ... invoked by Jessica
              (14 damage)
             ... on level 2 of the Dungeon.
             The game lasted 00:02:25 (1100 turns).

MechDurjaeses the Chopper (Hill Orc Fighter)        Turns: 1100, Time: 00:02:26

Health: -11/47     AC:  7    Str: 21    XL:     5   Next: 81%
Magic:  5/5        EV:  9    Int:  8    God:
Gold:   88         SH:  4    Dex: 10    Spells: 4/4 levels left

rFire   . . .      SeeInvis .   a - +0 war axe
rCold   . . .      Faith    .   c - +0 buckler
rNeg    . . .      Spirit   .   b - +0 scale mail
rPois   .          Reflect  .   (no helmet)
rElec   .          Harm     .   (no cloak)
rCorr   .          Rampage  .   (no gloves)
Will    .....                   (no boots)
Stlth   ..........              (no amulet)
HPRegen 0.15/turn               (no ring)
MPRegen 0.09/turn               (no ring)

@: mighty
A: no striking features
a: no special abilities


You were on level 2 of the Dungeon.
You visited 1 branch of the dungeon, and saw 2 of its levels.

You collected 88 gold pieces.

Inventory:

Hand Weapons
 a - a +0 war axe (weapon)
Armour
 b - a +0 scale mail (worn)
 c - a +0 buckler (worn)
Magical Staves
 i - a staff of cold
Scrolls
 e - a scroll of identify {unknown}
 g - 2 scrolls of poison {unknown}
 j - a scroll of enchant weapon {unknown}
Potions
 f - a potion of resistance {unknown}
 h - a potion of mutation {unknown}


   Skills:
 + Level 4.4 Fighting
 + Level 4.9 Axes
 + Level 4.7 Armour
 + Level 0.7 Dodging
 + Level 0.2 Stealth
 + Level 3.9 Shields


You had 4 spell levels left.
You didn't know any spells.
Your spell library contained the following spells:

 Spells                   Type           Power      Damage    Failure   Level
 Blink                    Tloc           0%         N/A       92%         2
 Ignite Poison            Fire/Tmut/Pois 0%         N/A       99%         3
 Mephitic Cloud           Conj/Pois/Air  0%         N/A       99%         3
 Freezing Cloud           Conj/Ice/Air   0%         6-21      100%        5
 Manifold Assault         Tloc           0%         N/A       100%        5
 Storm Form               Tmut/Air       0%         N/A       100%        7


Dungeon Overview and Level Annotations

Branches:
Dungeon (2/15)

Altars:

Annotations:
D:2 Jessica


Message History

You slash Sigmund!
Sigmund is moderately wounded.
Sigmund hits you with a +0 scythe.
You barely miss Sigmund.
Sigmund is moderately wounded.
Sigmund hits you with a +0 scythe!
Jessica shouts, "You're disturbing me!
I'll have to kill you!"
You slash Sigmund!
Sigmund is severely wounded.
Sigmund hits you but does no damage.
You barely miss Sigmund.
Sigmund is severely wounded.
Jessica mumbles some strange words.
Jessica blinks!
Sigmund hits you but does no damage.
You barely miss Sigmund.
Sigmund is severely wounded.
Jessica points at you and mumbles some strange words.
You resist with some effort. You block Sigmund's attack.
You barely miss Sigmund.
Sigmund is severely wounded.
Jessica hits you but does no damage.
You closely miss Sigmund.
Sigmund is severely wounded.
You closely miss Jessica. Jessica hits you but does no damage.
Sigmund hits you with a +0 scythe!
* * * LOW HITPOINT WARNING * * *
Jessica barely misses you.
You slash Sigmund!
You kill Sigmund!
You barely miss Jessica. Jessica hits you but does no damage.
Jessica mumbles some strange words.
Jessica blinks!
Your Axes skill increases to level 4!
Your Armour skill increases to level 4!
You have reached level 4!
You have reached level 5!
You feel stronger.
A ball python comes into view.
Jessica casts a spell at you. Pain shoots through your body!
You die...

#.......................
##.....####...#.####...# # .
#..##.# ##.###.# #...#.#...
#..#..###..# #.# #.........
#(.....##.####.####)..#..##.
#.##......# #..##)....# #
#.##.#..### #.#...#...#
#.##.#..#####[#@###.....#
#.##..........@.# ####..#
#.#.............# .##
#.#............... .#
#..........S..#..... .#
###.............##...#..
................. .....#
.......<......... ......
...............#. #.....
..........†......


You could see Jessica (fast) and a ball python.

Vanquished Creatures
  Sigmund (D:2)
  A dart slug (D:1)
  3 endoplasms (D:1)
  A giant cockroach (D:1)
  2 goblins (D:1)
  A hobgoblin (D:1)
  4 jackals (D:1)
  A quokka (D:1)
  3 ball pythons
  3 bats (D:1)
  2 frilled lizards (D:1)
  3 kobolds (D:1)
  3 rats
28 creatures vanquished.

Notes
Turn   | Place    | Note
-------+----------+-------------------------------------------
     0 | D:1      | MechDurjaeses the Hill Orc Fighter began the quest for the
                  | Orb.
     0 | D:1      | Reached XP level 1. HP: 19/19 MP: 1/1
   233 | D:1      | Reached XP level 2. HP: 27/27 MP: 2/2
   566 | D:1      | Reached XP level 3. HP: 32/33 MP: 3/3
  1077 | D:2      | Noticed Jessica
  1077 | D:2      | Noticed Sigmund
  1095 | D:2      | HP: 1/33 [Sigmund/+0 scythe (15)]
  1096 | D:2      | Killed Sigmund
  1097 | D:2      | Reached XP level 4. HP: 2/41 MP: 4/4
  1097 | D:2      | Reached XP level 5. HP: 2/47 MP: 5/5
  1100 | D:2      | Killed from afar by Jessica

Illustrated notes

Levels and vault maps discovered:
D:1:      dpeg_arrival_fog, layout_basic, minmay_pentomino_u2
D:2:      layout_rooms, chequers_serial_rivers_micro_b, uniq_sigmund,
          uniq_jessica

Skill      XL: |  1  2  3 |
---------------+----------+-----
Axes           | 3 4 |  4.9
Fighting       | 4 |  4.4
Armour         | 4 |  4.7
Dodging        | |  0.7
Stealth        | |  0.2
Shields        | |  3.9

Action                   |  1- 3 |  4- 6 || total
-------------------------+-------+-------++-------
Melee: War axe           |    79 |       ||    79
  Use: Potion            |     1 |       ||     1
Armor: Scale mail        |    37 |       ||    37
Dodge: Dodged            |    52 |       ||    52
Block: Buckler           |    20 |       ||    20

Table legend: (Time is in decaauts)
 A = Elapsed time spent in this place.
 B = Non-inter-level travel time spent in this place.
 C = Inter-level travel time spent in this place.
 D = Time resting spent in this place.
 E = Time spent auto-exploring this place.
 F = Levels seen in this place.
 G = Mean time per level.
                   A        B        C        D        E       F      G
               +--------+--------+--------+--------+--------+-----+--------+
         Total |   1130 |   1066 |     64 |      0 |    875 |   2 |  565.0 |
       Dungeon |   1130 |   1066 |     64 |      0 |    875 |   2 |  565.0 |
               +--------+--------+--------+--------+--------+-----+--------+

Top non-repeatable levels by time:
     D:1: 1006 daAuts
     D:2: 123 daAuts
